 Dungeon Crawl Stone Soup version 0.26-b1-45-g23770d1d51 (webtiles) character file.

Game seed: 7521058073117544866

753 radhat240 the Chiller (level 7, 0/34 (36) HPs)
             Began as a Deep Elf Ice Elementalist on Jan 6, 2021.
             Succumbed to a worker ant's poison
             ... on level 7 of the Dungeon on Jan 7, 2021.
             The game lasted 00:23:00 (5094 turns).

radhat240 the Chiller (Deep Elf Ice Elementalist)   Turns: 5094, Time: 00:23:00

HP:   0/34 (36)     AC:  2    Str:  5    XL:     7   Next: 49%
MP:   18/18         EV: 16    Int: 22    God:
Gold: 289           SH:  5    Dex: 21    Spells: 3/18 levels left

rFire    x . .     SeeInvis .   (no weapon)
rCold    + + .     Faith    .   (no shield)
rNeg     . . .     Spirit   .   a - +0 robe
rPois    .         Reflect  +   (no helmet)
rElec    .         Harm     +   c - scarf {harm}
rCorr    .         Rampage  .   (no gloves)
Will     .....                  (no boots)
Stlth    ++++......             l - amulet of reflection
HPRegen  0.11/turn              k - ring of ice
MPRegen  0.16/turn              j - +6 ring of dexterity

@: lethally poisoned (0 -> -6), drained
A: cold resistance 1
a: no special abilities


You were on level 7 of the Dungeon.
You visited 1 branch of the dungeon, and saw 7 of its levels.

You collected 289 gold pieces.

Inventory:

Armour
 a - a +0 robe (worn)
 c - a scarf of harm (worn)
Jewellery
 f - an uncursed ring of flight
 j - a +6 ring of dexterity (right hand)
 k - a ring of ice (left hand)
 l - an amulet of reflection (around neck)
Wands
 h - a wand of polymorph (10)
Scrolls
 b - 3 scrolls of identify
 d - 2 scrolls of amnesia
 e - a scroll of immolation
 m - 2 scrolls of blinking
 n - a scroll of enchant armour {unknown}
 o - a scroll of remove curse
Potions
 i - a potion of invisibility {unknown}


   Skills:
 + Level 5.5 Dodging
 + Level 5.9 Stealth
 + Level 6.1 Spellcasting
 + Level 6.3 Ice Magic


You had 3 spell levels left.
You knew the following spells:

 Your Spells              Type           Power        Failure   Level
a - Freeze                Ice            100%         1%          1
b - Frozen Ramparts       Ice            100%         1%          3
c - Ozocubu's Armour      Ice            51%          1%          3
d - Hailstorm             Conj/Ice       31%          24%         4
e - Summon Ice Beast      Ice/Summ       31%          24%         4

Your spell library contained the following spells:

 Spells                   Type           Power        Failure   Level
 Beastly Appendage        Tmut           12%          9%          1
 Wereblood                Tmut           6%           14%         2
 Spider Form              Tmut/Pois      3%           26%         3
 Ice Form                 Ice/Tmut       31%          24%         4
 Blade Hands              Tmut           3%           94%         5


Dungeon Overview and Level Annotations

Branches:
Dungeon (8/15)
 Temple: D:4-7         Lair: D:8-11

Altars:
Hepliaklqana
Trog


Innate Abilities, Weirdness & Mutations

Your flesh is cold resistant. (rC+)


Message History

Your magical contamination has completely faded away.
The worker ant misses you. The white imp puffs mist at you.
The worker ant misses you.
There is a stone staircase leading down here.
You can't go up here!
The worker ant misses you.
You climb downwards.
There is a stone staircase leading up here.
The worker ant barely misses you.
You climb upwards.
There is a stone staircase leading down here.
The worker ant misses you. The worker ant bites you.
* * * LOW HITPOINT WARNING * * *
You are lethally poisoned!
The worker ant poisons you!
* * * LOW HITPOINT WARNING * * *
You feel sick.
You die...

..##.#.# ##.#.#.#.#.#.#.#.#.#.#.
..##.#.####.#.#.#.#.#.#.#.#.#.#.#
......>5..5#.#.#.#.#.#.#.#.#.#.#.
##...######.#.#.#.#.#.#.#.#.#.#.#
.....'....##z#.#.#.#.#>#.#.#.#.#.
##...####.#.#.#.#.#.#.#.#.#.#.#.#
#...# #.##.#B#.#.#.#.#.#.#.#.#.
#...# ##'#.#[#.#.#.#.#.#.#.#.#.#
##### #...#.#.#@#.#.#.#.#.#.#z#.
#...'#.#.#.#.#.#.#.#.#z#.#
#...#.#.#.#.#.#.#.#.#.#.#.
##+#.#.#.#.#.#.#.#.#.#.#.# #####
##.#.#.#.#.#.#.#.#.#.#.
....###########.#.#.#.#.#.#.#####
#####≈≈≈≈≈≈≈≈≈##.#.#.#.#.#.##
.z5.#≈≈≈≈≈≈≈≈≈#.#.#.#.#.#.#.#
###.############.#.#.#...#.##


You could see a worker ant, a wight and a white imp.

Vanquished Creatures
  A sky beast (D:7)
  An orc warrior (D:7)
  2 scorpions
  The ghost of HHeCNeOSiFe the Cudgeller, a weakling GrBe of Trog (D:3)
  3 quasits (D:3)
  3 orc priests
  Terence (D:2)
  4 orc wizards
  A worker ant (D:4)
  3 adders
  An adder skeleton (D:4)
  3 worms
  4 dart slugs
  A leopard gecko (D:3)
  9 orcs
  A ball python (D:2)
  5 goblins
  10 hobgoblins
  5 jackals
  4 kobolds
  2 quokkas
  5 bats
  2 frilled lizards
  7 rats
79 creatures vanquished.

Notes
Turn   | Place    | Note
-------+----------+-------------------------------------------
     0 | D:1      | radhat240 the Deep Elf Ice Elementalist began the quest for
                  | the Orb.
     0 | D:1      | Reached XP level 1. HP: 10/10 MP: 6/6
   269 | D:1      | Reached XP level 2. HP: 15/15 MP: 5/8
   999 | D:2      | Reached XP level 3. HP: 18/19 MP: 3/10
  1066 | D:2      | Gained mutation: You are resistant to electric shocks.
                  | (rElec) [potion of mutation]
  1066 | D:2      | Lost mutation: You are resistant to electric shocks.
                  | (rElec) [potion of mutation]
  1066 | D:2      | Gained mutation: Your flesh is cold resistant. (rC+)
                  | [potion of mutation]
  1348 | D:2      | Noticed Terence
  1357 | D:2      | Killed Terence
  1429 | D:2      | Reached XP level 4. HP: 17/24 MP: 7/11
  1433 | D:2      | Learned a level 3 spell: Frozen Ramparts
  1437 | D:2      | Learned a level 3 spell: Ozocubu's Armour
  2053 | D:3      | Reached skill level 5 in Ice Magic
  2219 | D:3      | Reached XP level 5. HP: 27/28 MP: 9/13
  2622 | D:3      | Found a bloodstained altar of Trog.
  2637 | D:3      | Noticed HHeCNeOSiFe's ghost (weakling GrBe)
  2646 | D:3      | Found a transporter.
  2659 | D:3      | Found a transporter.
  2678 | D:3      | Killed HHeCNeOSiFe's ghost
  2679 | D:3      | Reached XP level 6. HP: 21/32 MP: 4/15
  2681 | D:3      | Reached skill level 5 in Spellcasting
  3087 | D:4      | Found a hazy altar of Hepliaklqana.
  3128 | D:4      | Reached skill level 5 in Stealth
  3292 | D:4      | Reached skill level 5 in Dodging
  4305 | D:4      | You fall into a shaft and drop 3 floors!
  4315 | D:7      | Noticed an orc warrior
  4348 | D:7      | Killed an orc warrior
  4349 | D:7      | Reached XP level 7. HP: 25/36 MP: 8/17
  4936 | D:7      | Learned a level 4 spell: Hailstorm
  4941 | D:7      | Learned a level 4 spell: Summon Ice Beast
  5064 | D:7      | HP: 1/34 [something (4)]
  5093 | D:7      | HP: 1/34 [poisoned by a worker ant]
  5094 | D:7      | Succumbed to a worker ant's poison

Illustrated notes

Levels and vault maps discovered:
D:1:      dpeg_arrival_concentric_ovals, layout_rooms, minmay_bisected
D:2:      layout_loops_corners, uniq_terence
D:3:      layout_loops_ring, bloody_trog, gammafunk_ghost_stat_death
D:4:      layout_cave_pools, nzn_hepliaklqana_mist_gate
D:6:      layout_rooms
D:7:      layout_basic, serial_aquarium, aquarium_bridge_square
          [aquarium_subvault_bridge, aquarium_subvault_bridge,
          aquarium_subvault_window, aquarium_subvault_wall],
          aquarium_bridge_square [aquarium_subvault_balcony,
          aquarium_subvault_bridge, aquarium_subvault_bridge,
          aquarium_subvault_bridge], aquarium_window_2, aquarium_window_2,
          aquarium_view_2b, serial_park_tiny_2, kennysheep_generic_room_16
D:8:      layout_basic, lair_entry_dummy, uniq_joseph

Skill      XL: |  1  2  3  4  5  6  7 |
---------------+----------------------+-----
Stealth        | 3 4 5 |  5.9
Dodging        | 3 4 5 |  5.5
Spellcasting   | 4 5 6 |  6.1
Ice Magic      | 5 6 |  6.3

Action                   |  1- 3 |  4- 6 |  7- 9 || total
-------------------------+-------+-------+-------++-------
Melee: Unarmed           |     1 |     9 |     6 ||    16
 Cast: Freeze            |    54 |    62 |     8 ||   124
       Frozen Ramparts   |       |    21 |     4 ||    25
       Ozocubu's Armour  |       |     2 |       ||     2
       Summon Ice Beast  |       |       |     1 ||     1
  Use: Potion            |     8 |       |     1 ||     9
       Scroll            |     3 |     3 |       ||     6
 Stab: Sleeping          |     1 |     1 |       ||     2
Armor: Robe              |     3 |    10 |     2 ||    15
Dodge: Dodged            |    33 |    68 |    29 ||   130
Block: Other             |       |     8 |     7 ||    15
       Reflection        |       |       |     4 ||     4
